 Dungeon Crawl Stone Soup version 0.28.0-45-g0d030f2227 (webtiles) character file.

Game seed: 9674418627527027955

105 Descartes the Sneak (level 4, -1/30 HPs)
             Began as an Octopode Wanderer on Apr 12, 2022.
             Splashed by a jelly's acid (6 damage)
             ... on level 3 of the Dungeon on Apr 13, 2022.
             The game lasted 00:07:40 (2795 turns).

Descartes the Sneak (Octopode Wanderer)             Turns: 2795, Time: 00:07:40

Health: -1/30      AC: -7    Str: 10    XL:     4   Next: 81%
Magic:  1/5        EV: 12    Int: 17    God:
Gold:   119        SH:  0    Dex: 11    Spells: 4/5 levels left

rFire   . . .      SeeInvis .   a - +0 dagger
rCold   . . .      Faith    .   (no shield)
rNeg    . . .      Spirit   .   (helmet restricted)
rPois   .          Reflect  .   (no amulet)
rElec   .          Harm     .   (no ring)
rCorr   .          Rampage  .   (no ring)
Will    .....                   (no ring)
Stlth   ++++......              (no ring)
HPRegen 0.10/turn               (no ring)
MPRegen 0.09/turn               (no ring)
                                (no ring)
                                (no ring)

@: corroded
A: almost no armour, amphibious, 8 rings, camouflage 1, gelatinous body 1,
(nimble swimmer 1), tentacles
a: no special abilities


You were on level 3 of the Dungeon.
You visited 1 branch of the dungeon, and saw 3 of its levels.

You collected 119 gold pieces.

Inventory:

Hand Weapons
 a - a +0 dagger (weapon)
Missiles
 b - 8 atropa-tipped darts (quivered)
 c - a datura-tipped dart
 i - 48 stones
 j - 17 arrows
 l - a throwing net
Scrolls
 e - 2 scrolls of blinking {unknown}
 f - a scroll of summoning {unknown}
 g - a scroll of immolation {unknown}
 h - a scroll of identify {unknown}
 k - a scroll of teleportation {unknown}
 n - a scroll of enchant armour {unknown}
 o - a scroll of holy word {unknown}
Potions
 d - a potion of curing
 m - a potion of invisibility {unknown}


   Skills:
 + Level 2.8 Fighting
 + Level 1.6 Short Blades
 + Level 1.1 Dodging
 - Level 5.3 Stealth
 - Level 1.0 Spellcasting
 + Level 1.8 Conjurations
 + Level 3.6 Air Magic


You had 4 spell levels left.
You knew the following spells:

 Your Spells              Type           Power      Damage    Failure   Level
a - Shock                 Conj/Air       40%        1d5       7%          1

Your spell library contained the following spells:

 Spells                   Type           Power      Damage    Failure   Level
 Summon Small Mammal      Summ           0%         N/A       22%         1
 Mephitic Cloud           Conj/Pois/Air  7%         N/A       30%         3
 Call Canine Familiar     Summ           0%         N/A       54%         3
 Ozocubu's Armour         Ice            0%         N/A       54%         3
 Summon Guardian Golem    Hex/Summ       0%         N/A       54%         3
 Ozocubu's Refrigeration  Ice            0%         4d5       100%        7


Dungeon Overview and Level Annotations

Branches:
Dungeon (3/15)

Altars:
Nemelex Xobeh
The Shining One


Innate Abilities, Weirdness & Mutations

You cannot wear most types of armour.
You are amphibious.
You can wear up to eight rings at the same time.
Your skin changes colour to match your surroundings (Stealth+).
Your rubbery body absorbs attacks. (AC +1, EV +1)
((You are camouflaged when in or above water. (Stealth+)))
You have tentacles for arms and can constrict up to eight enemies at once.


Message History

Press: ? - help, Shift-Dir - straight line, f/p - jelly
Aim: a jelly (severely wounded, 100% to hit)
The zap hits the jelly.
The jelly is severely wounded.
Casting: Shock (safe; 7% risk of failure)
Confirm with . or Enter, or press ? or * to list all spells.
You don't have enough magic to cast this spell.
Unknown command.
Found a glowing golden altar of the Shining One.
The jelly closely misses you.
You hit the jelly.
Your tentacles burn!
The jelly is almost dead.
The jelly hits you. The acid corrodes you!
You are splashed with acid!
You hit the jelly but do no damage.
Your tentacles burn!
You squeeze the jelly.
The jelly is almost dead.
The jelly hits you. The acid corrodes you!
You are splashed with acid!
* * * LOW HITPOINT WARNING * * *
Casting: Shock (safe; 7% risk of failure)
Confirm with . or Enter, or press ? or * to list all spells.
Aiming: Shock (safe; 7% risk of failure)
Press: ? - help, Shift-Dir - straight line, p - jelly You miscast Shock.
You are very lightly contaminated with residual magic.
Nothing appears to happen.
The jelly closely misses you.
Unknown command.
The jelly barely misses you.
Your magical contamination has completely faded away.
There is an open door here.
Casting: Shock (safe; 7% risk of failure)
Confirm with . or Enter, or press ? or * to list all spells.
Aiming: Shock (safe; 7% risk of failure)
Press: ? - help, Shift-Dir - straight line, f - jelly
Aim: a jelly (severely wounded, 100% to hit)
The zap hits the jelly.
The jelly is almost dead.
You open the door. The jelly closely misses you. The jelly hits you.
* * * LOW HITPOINT WARNING * * *
You are splashed with acid.
You die...

##_## #.#######.#.# #.##......#.#
#.#.......#.# #.#.......#.#######
#.#......<...).....
#.#.....#.......... ##########
#.#.....+..........
#........######J#.....##.........
#...............@................
#...............#.....##.........
#...............#.....##.........
#...............#.....##.........
#...............########.........
#........######## ##########
#........# #........# #........#


You could see a jelly.

Vanquished Creatures
  2 gnolls (D:3)
  3 adders (D:2)
  4 bats
  8 endoplasms
  2 giant cockroaches
  4 hobgoblins
  6 jackals
  3 quokkas
  5 ball pythons
  2 frilled lizards
  4 goblins
  6 kobolds
  4 rats
53 creatures vanquished.

Notes
Turn   | Place    | Note
-------+----------+-------------------------------------------
     0 | D:1      | Descartes the Octopode Wanderer began the quest for the
                  | Orb.
     0 | D:1      | Descartes set off with the following items: a +0 dagger, 2
                  | atropa-tipped darts, a datura-tipped dart, a potion of
                  | curing; and the following spell memorised: Shock; and the
                  | following spells available to memorise: Mephitic Cloud
     0 | D:1      | Reached XP level 1. HP: 14/14 MP: 2/2
   312 | D:1      | Reached XP level 2. HP: 19/19 MP: 3/3
   518 | D:1      | Found a faded altar of an unknown god.
   570 | D:1      | Reached skill level 1 in Conjurations
   823 | D:1      | Reached skill level 1 in Short Blades
   830 | D:1      | Reached XP level 3. HP: 21/25 MP: 0/4
  1889 | D:2      | Reached XP level 4. HP: 30/30 MP: 0/5
  2208 | D:2      | Found a sparkling altar of Nemelex Xobeh.
  2397 | D:3      | Reached skill level 1 in Dodging
  2765 | D:3      | Found a glowing golden altar of the Shining One.
  2795 | D:3      | Splashed by a jelly's acid

Illustrated notes

Levels and vault maps discovered:
D:1:      dpeg_arrival_windows_large_door, layout_rooms,
          dreamdust_ecumenical_altar_statues, grunt_decor_clamped
D:2:      minmay_alternating_diamond, layout_loops_ring, basic_altar
D:3:      layout_basic, marbit_many_paths

Skill      XL: |  1  2  3  4 |
---------------+-------------+-----
Conjurations   | 1 |  1.8
Short Blades   | 1 |  1.6
Dodging        | 1 |  1.1
Fighting       | |  2.8
Stealth        | |  5.3
Spellcasting   | |  1.0
Air Magic      | |  3.6

Action                   |  1- 3 |  4- 6 || total
-------------------------+-------+-------++-------
Melee: Dagger            |    35 |    27 ||    62
       Constrict         |     8 |     6 ||    14
       Tentacles         |     7 |     9 ||    16
       Punch             |       |     1 ||     1
 Cast: Shock             |    51 |    30 ||    81
 Stab: Sleeping          |     2 |       ||     2
Armor: Skin              |     9 |     1 ||    10
Dodge: Dodged            |    28 |    25 ||    53
